 Dungeon Crawl Stone Soup version 0.27-a0-1202-ge72e49191c (webtiles) character file.

Game seed: 2314360349171219680

1845400 EnegeticOcto the Highly Combustible (level 27, 213/231 HPs)
             Began as a Mummy Fire Elementalist on June 4, 2021.
             Was the Champion of Ashenzari.
             Escaped with the Orb
             ... and 4 runes!
             The game lasted 03:10:29 (121762 turns).

EnegeticOcto the Highly Combustible (MuFE)        Turns: 121762, Time: 03:10:30

Health: 213/231    AC: 21    Str: 13    XL:     27
Magic:  26/54      EV: 18    Int: 31    God:    Ashenzari [******]
Gold:   6673       SH:  7    Dex: 14    Spells: 12/80 levels left

rFire    + . .     SeeInvis +   V - staff of fire (curse) {Elem, Melee}
rCold    + . .     Faith    .   A - +1 buckler of Ashenzari's Comet {AC+3, Fort, Elem} (curse)
rNeg     + + +     Spirit   .   J - +2 robe of the Eye in the Sky {Archmagi, Comp, Elem} (curse)
rPois    ∞         Reflect  .   B - +2 helmet "Yoke of Ashenzari" {Int+3, Range, Elem} (curse)
rElec    .         Harm     .   x - +2 cloak "Lashed With Me" {Elem, Evo} (curse)
rCorr    .         Rampage  .   d - +2 pair of gloves of the Tethered Sybil {Elem, Range} (curse)
Will     ++++.     Clarity  +   i - +2 pair of boots "Perceptive Soothsayer" {Elem, Melee} (curse)
Stlth    +.........             R - amulet of Ashenzari's Negation {RegenMP Will+ Int+4, Self, Melee} (curse)
HPRegen  0.48/turn              h - ring "Portent of the Sky" {rF+, Bglg, Alch} (curse)
MPRegen  0.59/turn              p - ring of Supernal Gnosis {Wiz, Bglg, Alch} (curse)

@: studying 5 skills
A: cold resistance 1, negative energy resistance 3, torment resistance 2, heat
vulnerability 1, in touch with death 2, no potions
0: Orb of Zot
}: 4/15 runes: decaying, serpentine, slimy, silver
a: Renounce Religion, Shatter the Chains


You escaped.
You worshipped Ashenzari.
Ashenzari was exalted by your worship.
You visited 12 branches of the dungeon, and saw 58 of its levels.
You also visited: Trove, Bailey and Ice Cave.

You collected 10613 gold pieces.
You spent 3940 gold pieces at shops.

Inventory:

Hand Weapons
 G - a +1 short sword of distortion
   (You found it on level 10 of the Dungeon)
Missiles
 a - 42 curare-tipped darts
 b - 12 javelins
 c - 7 throwing nets {!f}
 n - 198 poisoned darts
Armour
 d - the cursed +2 pair of gloves of the Tethered Sybil (worn) {Elem, Range}
   (You found it on level 1 of the Dungeon)

   It has a curse which improves the following skills: Elements: Fire Magic, Ice
   Magic, Air Magic and Earth Magic.
   Ranged Combat: Slings, Bows, Crossbows and Throwing.
 i - the cursed +2 pair of boots "Perceptive Soothsayer" (worn) {Elem, Melee}
   (You found it on level 3 of the Dungeon)

   It has a curse which improves the following skills: Elements: Fire Magic, Ice
   Magic, Air Magic and Earth Magic.
   Melee Combat: Short Blades, Long Blades, Axes, Maces & Flails, Polearms,
   Staves and Unarmed Combat.
 x - the cursed +2 cloak "Lashed With Me" (worn) {Elem, Evo}
   (You bought it in a shop on level 5 of the Dungeon)

   It has a curse which improves the following skills: Elements: Fire Magic, Ice
   Magic, Air Magic and Earth Magic.
   Evocations: Evocations.
 A - the cursed +1 buckler of Ashenzari's Comet (worn) {AC+3, Fort, Elem}
   (You acquired it on level 7 of the Dungeon)

   It has a curse which improves the following skills: Fortitude: Armour and
   Shields.
   Elements:  Fire Magic, Ice Magic, Air Magic and Earth Magic.
 B - the cursed +2 helmet "Yoke of Ashenzari" (worn) {Int+3, Range, Elem}
   (You found it on level 5 of the Vaults)

   It has a curse which improves the following skills: Ranged Combat: Slings,
   Bows, Crossbows and Throwing.
   Elements:  Fire Magic, Ice Magic, Air Magic and Earth Magic.
 J - the cursed +2 robe of the Eye in the Sky (worn) {Archmagi, Comp, Elem}
   (You took it off an orc sorcerer on level 2 of the Orcish Mines)

   It has a curse which improves the following skills: Companions: Summonings
   and Necromancy.
   Elements:  Fire Magic, Ice Magic, Air Magic and Earth Magic.
Magical Staves
 V - a cursed staff of fire (weapon) {Elem, Melee}
   (You found it on level 3 of the Elven Halls)
Jewellery
 h - the cursed ring "Portent of the Sky" (left hand) {rF+, Bglg, Alch}
   (You found it on level 1 of the Dungeon)

   [ring of protection from fire]

   It protects you from fire.
   It has a curse which improves the following skills: Beguiling: Conjurations,
   Hexes and Translocations.
   Alchemy:   Poison Magic and Transmutations.
 p - the cursed ring of Supernal Gnosis (right hand) {Wiz, Bglg, Alch}
   (You found it on level 3 of the Dungeon)

   [ring of wizardry]

   It improves your spell success rate.
   It has a curse which improves the following skills: Beguiling: Conjurations,
   Hexes and Translocations.
   Alchemy:   Poison Magic and Transmutations.
 z - the ring of Cayddum {Drain Fly rElec Will+++ rCorr}
   (You found it on level 5 of the Pits of Slime)

   [ring of resist corrosion]

   It insulates you from electricity.
   It grants you flight.
   It protects you from acid and corrosion.
   It drains your maximum health when unequipped.
   It greatly increases your willpower.
 H - a ring of fire
   (You found it on level 2 of the Crypt)
 R - the cursed amulet of Ashenzari's Negation (around neck) {RegenMP Will+ Int+4, Self, Melee}
   (You took it off a mummy priest on level 3 of the Crypt)

   [amulet of magic regeneration]

   It increases your rate of magic regeneration.
   It affects your intelligence (+4).
   It increases your willpower.
   It has a curse which improves the following skills: Introspection: Fighting
   and Spellcasting.
   Melee Combat: Short Blades, Long Blades, Axes, Maces & Flails, Polearms,
   Staves and Unarmed Combat.
Wands
 l - a wand of mindburst (37)
   (You found it on level 4 of the Swamp)
 v - a wand of polymorph (68)
   (You found it on level 5 of the Dungeon)
 w - a wand of flame (173) {@v4}
   (You found it on level 5 of the Dungeon)
 C - a wand of paralysis (45)
   (You found it on level 12 of the Dungeon)
 O - a wand of charming (24)
   (You found it on level 2 of the Swamp)
 P - a wand of iceblast (19) {@v2}
   (You found it on level 4 of the Swamp)
Scrolls
 f - 11 scrolls of magic mapping {@r5 !r}
 g - 29 scrolls of teleportation {@r3 !r}
 j - 6 scrolls of holy word
 k - 9 scrolls of vulnerability
 m - 7 scrolls of fear {!r}
 o - 10 scrolls of amnesia
 q - 2 scrolls of enchant weapon
 r - 21 scrolls of fog {!r}
 s - a scroll of summoning
 t - 5 scrolls of silence
 u - 16 scrolls of immolation
 y - 3 scrolls of brand weapon
 E - a scroll of torment
 I - 10 scrolls of blinking {@r4}
 X - 9 scrolls of enchant armour
Potions
 L - 2 potions of mutation
 M - 13 potions of lignification {@q6}
Miscellaneous
 e - a box of beasts
   (You found it on level 5 of the Vaults)
 F - a phial of floods
   (You found it on level 10 of the Dungeon)
 S - a tin of tremorstones (1/2)
   (You found it on level 3 of the Elven Halls)
 T - a condenser vane
   (You found it on level 3 of the Elven Halls)
 U - a lightning rod (4/4)
   (You found it on level 3 of the Elven Halls)
 Z - a phantom mirror
   (You found it on level 3 of the Vaults)


   Skills:
 + Level 19.7(22.0) Fighting
 - Level 6.9(10.0) Armour
 * Level 13.3 Dodging
 - Level 5.0 Stealth
 - Level 4.0(6.8) Shields
 O Level 27 Spellcasting
 + Level 17.6(21.3) Conjurations
 - Level 2.0(5.3) Hexes
 O Level 27 Fire Magic
 - Level 12.1(21.6) Air Magic
 - Level 1.3(7.1) Earth Magic
 - Level 5.5(8.5) Evocations


You had 12 spell levels left.
You knew the following spells:

 Your Spells              Type           Power      Damage    Failure   Level
a - Iron Shot             Conj/Erth      57%        9d11      1%          6
b - Fire Storm            Conj/Fire      81%        8d21      1%          9
c - Chain Lightning       Conj/Air       66%        N/A       1%          8
d - Passage of Golubria   Tloc           N/A        N/A       1%          4
e - Yara's Violent Unrav  Hex/Tmut       37%        3d15      1%          5
f - Starburst             Conj/Fire      81%        8x6d21    0%          6
p - Passwall              Tmut/Erth      65%        N/A       1%          2
q - Fireball              Conj/Fire      81%        3d30      0%          5
s - Lee's Rapid Deconstr  Erth           46%        3d23*     1%          5
x - Ignition              Fire           84%        3d22      1%          8
z - Irradiate             Conj/Tmut      52%        3d31      1%          5
V - Swiftness             Air            100%       N/A       0%          3
Y - Blink                 Tloc           N/A        N/A       1%          2

Your spell library contained the following spells:

 Spells                   Type           Power      Damage    Failure   Level
 Foxfire                  Conj/Fire      100%       2x1d9     0%          1
 Magic Dart               Conj           100%       1d8       0%          1
 Shock                    Conj/Air       100%       1d9       0%          1
 Corpse Rot               Necr/Air       N/A        N/A       0%          2
 Poisonous Vapours        Pois/Air       100%       N/A       0%          2
 Searing Ray              Conj           100%       3d7       0%          2
 Static Discharge         Conj/Air       100%       N/A       0%          2
 Conjure Flame            Conj/Fire      100%       6-21      0%          3
 Dazzling Flash           Conj/Hex       100%       N/A       0%          3
 Inner Flame              Hex/Fire       100%       N/A       0%          3
 Mephitic Cloud           Conj/Pois/Air  100%       N/A       0%          3
 Stone Arrow              Conj/Erth      100%       3d13      0%          3
 Airstrike                Air            66%        N/A       0%          4
 Fulminant Prism          Conj/Hex       56%        3d25      0%          4
 Sticky Flame             Conj/Fire      100%       2d11      0%          4
 Bolt of Magma            Conj/Fire/Erth 75%        4d29      0%          5
 Iskenderun's Battlesphe  Conj           100%       2d15      0%          5
 Lightning Bolt           Conj/Air       66%        1d90      0%          5
 Conjure Ball Lightning   Conj/Air       66%        3x3d25    0%          6
 Animate Skeleton         Necr           100%       N/A       1%          1
 Apportation              Tloc           100%       N/A       1%          1
 Corona                   Hex            93%        N/A       1%          1
 Freeze                   Ice            100%       1d11      1%          1
 Pain                     Necr           100%       1d9       1%          1
 Sandblast                Erth           100%       2d20      1%          1
 Sting                    Tmut/Pois      100%       1d8       1%          1
 Summon Small Mammal      Summ           100%       N/A       1%          1
 Call Imp                 Summ           61%        N/A       1%          2
 Ensorcelled Hibernation  Hex/Ice        100%       N/A       1%          2
 Slow                     Hex            84%        N/A       1%          2
 Confusing Touch          Hex            84%        N/A       1%          3
 Frozen Ramparts          Ice            100%       1d12      1%          3
 Gell's Gravitas          Tloc           31%        N/A       1%          3
 Ignite Poison            Fire/Tmut/Pois 100%       N/A       1%          3
 Lesser Beckoning         Tloc           31%        N/A       1%          3
 Portal Projectile        Hex/Tloc       100%       N/A       1%          3
 Teleport Other           Tloc           62%        N/A       1%          3
 Tukima's Dance           Hex            84%        N/A       1%          3
 Vampiric Draining        Necr           50%        2d13      1%          3
 Animate Dead             Necr           50%        N/A       1%          4
 Cause Fear               Hex            42%        N/A       1%          4
 Dispel Undead            Necr           100%       3d31      1%          4
 Iskenderun's Mystic Bla  Conj/Tloc      100%       2d19      1%          4
 Leda's Liquefaction      Hex/Erth       44%        N/A       1%          4
 Olgreb's Toxic Radiance  Pois           62%        N/A       1%          4
 Petrify                  Tmut/Erth      78%        N/A       1%          4
 Summon Lightning Spire   Summ/Air       100%       N/A       1%          4
 Borgnjor's Vile Clutch   Necr/Erth      60%        N/A       1%          5
 Silence                  Hex/Air        56%        N/A       1%          5
 Summon Mana Viper        Hex/Summ       73%        N/A       1%          5
 Freezing Cloud           Conj/Ice/Air   58%        6-21      1%          6
 Orb of Destruction       Conj           65%        9d18      1%          7
 Spellforged Servitor     Conj/Summ      52%        N/A       2%          7
 Tornado                  Air            66%        N/A       3%          9
 Alistair's Intoxication  Tmut/Pois      41%        N/A       4%          5
 Manifold Assault         Tloc           62%        N/A       4%          5
 Invisibility             Hex            84%        N/A       4%          6
 Lehudib's Crystal Spear  Conj/Erth      57%        10d13     4%          8
 Agony                    Necr           100%       N/A       5%          5
 Excruciating Wounds      Necr           50%        N/A       5%          5
 Summon Forest            Summ/Tloc      30%        N/A       5%          5
 Simulacrum               Ice/Necr       52%        N/A       24%         6
 Dispersal                Tloc           31%        N/A       26%         6
 Eringya's Noxious Bog    Tmut/Pois      31%        N/A       26%         6
 Death Channel            Necr           50%        N/A       28%         6
 Shadow Creatures         Summ           N/A        N/A       28%         6
 Ozocubu's Refrigeration  Ice            33%        4d11      67%         7
 Malign Gateway           Summ/Tloc      30%        N/A       80%         7
 Haunt                    Necr/Summ      49%        N/A       82%         7
 Monstrous Menagerie      Summ           30%        N/A       82%         7
 Summon Hydra             Summ           30%        N/A       82%         7
 Discord                  Hex            42%        N/A       83%         8
 Disjunction              Tloc           31%        N/A       100%        8
 Summon Horrible Things   Summ           30%        N/A       100%        8
 Absolute Zero            Ice            33%        ∞         100%        9
 Dragon's Call            Summ           30%        N/A       100%        9
 Shatter                  Erth           46%        3d35*     100%        9
 Beastly Appendage        Tmut           Unusable   N/A       N/A         1
 Sublimation of Blood     Necr           Unusable   N/A       N/A         2
 Wereblood                Tmut           Unusable   N/A       N/A         2
 Spider Form              Tmut/Pois      Unusable   N/A       N/A         3
 Ice Form                 Ice/Tmut       Unusable   N/A       N/A         4
 Hydra Form               Tmut           Unusable   N/A       N/A         5
 Statue Form              Tmut/Erth      Unusable   N/A       N/A         6
 Blade Hands              Tmut           Unusable   N/A       N/A         6
 Dragon Form              Tmut           Unusable   N/A       N/A         7

Dungeon Overview and Level Annotations

Branches:
Dungeon (15/15)            Temple (1/1) D:6            Lair (6/6) D:8
  Swamp (4/4) Lair:4        Snake (4/4) Lair:4        Slime (5/5) Lair:5
    Orc (2/2) D:11            Elf (3/3) Orc:2        Vaults (5/5) D:13
  Crypt (3/3) Vaults:2       Tomb (0/3) Crypt:3      Depths (5/5) D:15
    Zot (5/5) Depths:5     Bailey (visited)           IceCv (visited)

Altars:
Ashenzari
Cheibriados
Dithmenos
Elyvilon
Fedhas
Gozag
Hepliaklqana
Kikubaaqudgha
Makhleb
Nemelex Xobeh
Okawaru
Qazlal
Ru
Sif Muna
Trog
Uskayaw
Vehumet
Wu Jian
Xom
Yredelemnul
Zin
The Shining One
Lugonu

Shops:
D:5 [   Orc:2 [**?:****   Vaults:1 [   Vaults:2 *   Vaults:3 *   Zot:5 *
Depths:1 *(*   Depths:4 **

Portals:
Hell: Depths:1 Depths:2 Depths:3 Depths:4 Depths:5
Abyss: Depths:4
Pandemonium: Depths:3
Ziggurat: Depths:4

Annotations:
Elf:2 3 runed translucent doors
Vaults:1 2 transporters, exclusion: orange crystal statue
Zot:5 2 transporters, MeekVeins's ghost, legendary PaFi


Innate Abilities, Weirdness & Mutations

You are immune to poison.
Your flesh is cold resistant. (rC+)
You are immune to negative energy. (rN+++)
You are immune to unholy pain and torment.
You are vulnerable to heat. (rF-)
You are strongly in touch with the powers of death.
You do not drink.


Message History

There is a stone staircase leading down here.
HP restored.
A chaos spawn comes into view.
Unknown command.
Casting: Chain Lightning (mildly dangerous; 1% risk of failure)
Confirm with . or Enter, or press ? or * to list all spells.
You feel a surge of power!
You hear a mighty clap of thunder!
The lightning arc hits the chaos spawn!!!
You kill the chaos spawn!
The chaos spawn degenerates into a cloud of primal chaos!
The lightning arc hits you but does no damage.
The lightning arc grounds out.
(D) Dungeon (T) Temple (L) Lair (S) Swamp (P) Snake Pit (M) Slime Pits (O) Orcish Mines (E) Elven Halls (V) Vaults (C) Crypt (W) Tomb (U) Depths (H) Hell (Z) Zot
Where to? (Enter - D:1 @ (x,y), ? - help)
You sense a monster nearby.
You see here 14 bolts.
Unknown command.
An Orb Guardian comes into view.
Casting: Chain Lightning (mildly dangerous; 1% risk of failure)
Confirm with . or Enter, or press ? or * to list all spells.
You feel a surge of power!
You hear a mighty clap of thunder!
The lightning arc hits the Orb Guardian!!!
The Orb Guardian is severely wounded.
The lightning arc hits you.
The lightning arc hits the Orb Guardian!!
The Orb Guardian is almost dead.
The lightning arc hits you but does no damage.
The lightning arc hits the Orb Guardian!!
You kill the Orb Guardian!
The lightning arc hits you.
The lightning arc grounds out.
(D) Dungeon (T) Temple (L) Lair (S) Swamp (P) Snake Pit (M) Slime Pits (O) Orcish Mines (E) Elven Halls (V) Vaults (C) Crypt (W) Tomb (U) Depths (H) Hell (Z) Zot
Where to? (Enter - D:1 @ (x,y), ? - help)
You see here a +0 robe.
A red devil comes into view. It is wielding a +0 trident.
Unknown command.
Casting: Chain Lightning (mildly dangerous; 1% risk of failure)
Confirm with . or Enter, or press ? or * to list all spells.
You feel a surge of power!
The lightning arc grounds out.
Casting: Chain Lightning (mildly dangerous; 1% risk of failure)
Confirm with . or Enter, or press ? or * to list all spells.
You feel a surge of power!
You hear a mighty clap of thunder!
The lightning arc hits the red devil!!!
You kill the red devil!
The lightning arc hits you!
The lightning arc grounds out.
(D) Dungeon (T) Temple (L) Lair (S) Swamp (P) Snake Pit (M) Slime Pits (O) Orcish Mines (E) Elven Halls (V) Vaults (C) Crypt (W) Tomb (U) Depths (H) Hell (Z) Zot
Where to? (Enter - D:1 @ (x,y), ? - help)
You see here a +0 trident.
A shadow demon comes into view.
Unknown command.
Casting: Chain Lightning (mildly dangerous; 1% risk of failure)
Confirm with . or Enter, or press ? or * to list all spells.
You feel a surge of power!
You hear a mighty clap of thunder!
The lightning arc hits the shadow demon!!!!
You kill the shadow demon!
The lightning arc hits you.
The lightning arc grounds out.
(D) Dungeon (T) Temple (L) Lair (S) Swamp (P) Snake Pit (M) Slime Pits (O) Orcish Mines (E) Elven Halls (V) Vaults (C) Crypt (W) Tomb (U) Depths (H) Hell (Z) Zot
Where to? (Enter - D:1 @ (x,y), ? - help)
A hellephant comes into view.
Casting: Chain Lightning (mildly dangerous; 1% risk of failure)
Confirm with . or Enter, or press ? or * to list all spells.
You feel a surge of power!
The lightning arc grounds out.
Casting: Chain Lightning (mildly dangerous; 1% risk of failure)
Confirm with . or Enter, or press ? or * to list all spells.
You feel a surge of power!
You hear a mighty clap of thunder!
The lightning arc hits the hellephant!!!
The hellephant is moderately wounded.
The lightning arc hits you!
The lightning arc hits the hellephant!!!!
The hellephant is severely wounded.
The lightning arc hits you!
The lightning arc hits the hellephant!!
The hellephant is almost dead.
The lightning arc hits you but does no damage.
The lightning arc hits the hellephant!!
You kill the hellephant!
The lightning arc hits you.
The lightning arc grounds out.
(D) Dungeon (T) Temple (L) Lair (S) Swamp (P) Snake Pit (M) Slime Pits (O) Orcish Mines (E) Elven Halls (V) Vaults (C) Crypt (W) Tomb (U) Depths (H) Hell (Z) Zot
Where to? (Enter - D:1 @ (x,y), ? - help)
There is a staircase leading out of the dungeon here.
Unknown command.
You have escaped!

.###.######.#.##..#####.# #
........######.....####.# #
..#......###.........#### #
......#.###...........## #
.........#.............##########
#..#.##.##.............##.......(
#..#.##.##.....≈≈≈.....##.####...
#.......##....≈...≈....#.........
...#.#####....≈.@.≈....##.####..>
#........#....≈...≈....##.# #...
#..#######.....≈≈≈.....#..#####..
#..# #.............#.........
#..# #.............########..
#..# ##...........## ######. #..#
##.........#### #.....† ...#
#####.....####.###.####. #.## #.#
##..##..............


There were no monsters in sight!

Vanquished Creatures
  the Royal Jelly (Slime:5)
  3 dread liches
  6 ancient liches
  5 orbs of fire
  Mara (Depths:1)
  2 pandemonium lords
  5 Killer Klowns
  Bai Suzhen (Vaults:2)
  6 curse toes
  Margery (Depths:2)
  2 caustic shrikes (Depths:2)
  9 golden dragons
  Nikola (Snake:4)
  Jory (Vaults:5)
  2 Brimstone Fiends
  3 electric golems
  A hellephant (D:1)
  A shard shrike skeleton (Crypt:1)
  20 tentacled monstrosities
  Jorgrun (Orc:2)
  25 Orb Guardians
  Asterion (Depths:1)
  6 titans
  6 liches
  2 deep elf master archers (Elf:3)
  2 deep elf blademasters (Elf:3)
  The ghost of Ijustatesigmund the Severer, an adept MiBe of Trog (Snake:4)
  6 quicksilver dragons
  13 acid blobs
  4 ancient champions
  13 death cobs
  A sphinx (Vaults:2)
  A thorn hunter (Swamp:4)
  5 draconian monks
  11 tengu reavers
  Kirke (Snake:4)
  21 storm dragons
  4 fire giants
  Donald (Swamp:4)
  A fenstrider witch (Swamp:1)
  15 azure jellies
  8 shadow dragons
  3 revenants
  3 nagarajas (Snake:4)
  7 deep elf sorcerers
  14 rockslimes
  5 draconian scorchers
  21 vault wardens
  An iron dragon (Vaults:5)
  Louise (Swamp:2)
  10 frost giants
  An orc warlord (Vaults:4)
  3 draconian annihilators
  4 draconian knights
  8 deep elf elementalists (Elf:3)
  2 balrugs
  2 curse skulls
  Aizul (Snake:4)
  4 draconian shifters
  A ghost moth (Zot:2)
  12 ghouls
  10 quicksilver oozes
  A draconian stormcaller (Zot:3)
  18 ironbound preservers
  A reaper (Crypt:3)
  8 war gargoyles
  30 very ugly things
  13 green draconians
  27 vampire knights
  23 stone giants
  Nessos (D:15)
  9 deep elf demonologists
  7 deep elf annihilators
  13 black draconians
  11 white draconians
  2 dire elephants (Vaults:1)
  An entropy weaver (Vaults:5)
  9 red draconians
  3 bunyips (Swamp:3)
  9 spark wasps (Depths:5)
  15 purple draconians
  13 yellow draconians
  9 deep elf death magi
  A crystal guardian (Vaults:1)
  2 blizzard demons
  6 eidola
  A mummy priest (Crypt:3)
  14 ettins
  4 eleionomae
  A quicksilver dragon zombie (Crypt:1)
  Josephine (D:15)
  18 fire dragons
  2 green deaths
  4 deep elf high priests
  23 jiangshi
  13 great orbs of eyes
  2 rakshasas (Depths:2)
  6 ironbound thunderhulks
  17 yaktaur captains
  19 hydras
  5 shambling mangroves
  Harold (D:6)
  14 naga warriors
  4 ogre magi
  2 hell beasts
  33 vault guards
  Erolcha (D:13)
  4 salamander tyrants (Snake:4)
  6 ice dragons
  4 spriggan air magi
  A ghost crab (Swamp:4)
  2 catoblepae
  13 ironbound frosthearts
  5 boulder beetles
  3 peacekeepers
  3 centaur warriors
  12 anacondas
  19 two-headed ogres
  19 alligators
  6 death yaks
  12 tengu warriors
  8 deep troll shamans
  18 dancing weapons
  8 deep troll earth magi
  2 ironbound beastmasters (Vaults:1)
  The ghost of iamserjio the Geomancer, a novice OpEE of Sif Muna (D:10)
  A titan zombie (Crypt:3)
  11 shock serpents
  4 sun demons (Zot:1)
  6 orc high priests
  13 naga sharpshooters
  2 soul eaters
  13 vampire magi
  6 hell knights (Depths:2)
  12 deep elf knights
  9 spriggan berserkers
  An iron troll (Depths:3)
  A shadow wraith (Crypt:3)
  A sea snake (Snake:1)
  37 skeletal warriors
  The ghost of Kinoniko the Carver, a novice DrBe of Trog (D:8)
  A goliath frog (Swamp:3)
  An anaconda zombie (Crypt:3)
  77 deep trolls
  5 spriggan druids
  12 naga ritualists
  A gelid demonspawn (Depths:3)
  A golden dragon zombie (Crypt:3)
  8 salamander mystics
  10 flayed ghosts
  9 glowing orange brains
  3 shadow demons
  11 wizards
  A golden dragon skeleton (Crypt:2)
  12 swamp dragons
  2 orange crystal statues
  17 phantasmal warriors
  A wolf spider zombie (Crypt:3)
  8 bog bodies
  27 deep elf zephyrmancers
  6 necromancers
  A lindwurm (shapeshifter) (Depths:2)
  19 ironbound convokers
  17 deep elf pyromancers
  A lindwurm (Vaults:1)
  A wolf spider (shapeshifter) (Depths:3)
  6 shining eyes
  18 mana vipers
  A frost giant zombie (Crypt:3)
  An oklob plant (Orc:1)
  5 orc sorcerers
  10 deep elf archers
  53 ugly things
  13 orc knights
  5 manticores
  6 will-o-the-wisps
  A stone giant zombie (Crypt:1)
  An elephant (shapeshifter) (Depths:4)
  20 salamanders
  A toenail golem (Zot:2)
  A manticore (shapeshifter) (Depths:2)
  21 moths of wrath
  8 cyclopes
  A human skeleton (Vaults:3)
  Joseph (D:9)
  A rust devil (Depths:3)
  2 stone giant skeletons
  34 elephants
  51 black mambas
  3 guardian serpents
  2 ice statues (IceCv)
  19 vault sentinels
  28 naga magi
  A smoke demon (Depths:3)
  6 eyes of devastation
  2 orange demons (Depths:3)
  An efreet (D:14)
  An unseen horror (D:11)
  5 rime drakes
  17 cane toads
  5 komodo dragons
  61 yaktaurs
  A kobold demonologist (Crypt:3)
  A komodo dragon (shapeshifter) (Vaults:5)
  11 ice devils
  A catoblepas skeleton (Crypt:1)
  4 tengu conjurers
  A harpy zombie (Crypt:3)
  9 polar bears
  2 hellwings
  A sea snake skeleton (Crypt:1)
  The ghost of sm0rk the Zephyrmancer, a novice TeAE of Vehumet (D:5)
  A wind drake (shapeshifter) (Elf:1)
  7 red devils
  8 trolls
  4 bloated husks
  27 hornets
  A hornet (shapeshifter) (D:10)
  A blink frog (shapeshifter) (Vaults:5)
  A moth of wrath zombie (Crypt:1)
  13 tyrant leeches
  Grinder (D:3)
  9 blink frogs
  118 slime creatures
  An iron dragon simulacrum (Crypt:1)
  A fire dragon zombie (Crypt:3)
  A guardian serpent zombie (Crypt:2)
  An alligator zombie (Crypt:3)
  A slime creature (shapeshifter) (Depths:3)
  13 dream sheep
  A meliai zombie (D:11)
  A fire giant simulacrum (Vaults:3)
  2 shadows
  A redback (Vaults:5)
  A spriggan (shapeshifter) (Vaults:5)
  2 air elementals
  An ettin zombie (Vaults:3)
  2 wyverns
  25 spriggans
  A tarantella (Vaults:5)
  18 wraiths
  A hog (shapeshifter) (Depths:1)
  An alligator skeleton (Crypt:1)
  4 vampires
  6 water elementals
  A wyvern (shapeshifter) (Vaults:5)
  2 humans (Snake:4)
  4 basilisks
  22 vampire mosquitoes
  A hog (Snake:4)
  22 golden eyes
  26 yaks
  3 fire elementals
  A redback simulacrum (D:15)
  2 neqoxecs
  2 chaos spawn
  4 wargs
  A glowing shapeshifter zombie (Crypt:3)
  48 nagas
  11 swamp worms
  An acid dragon (D:13)
  A water nymph skeleton (Crypt:2)
  A water moccasin (shapeshifter) (Depths:2)
  4 floating eyes
  19 water moccasins
  A faun skeleton (Crypt:2)
  An elephant zombie (Crypt:1)
  29 orc warriors
  5 swamp drakes
  7 black bears
  10 ice beasts
  A snapping turtle zombie (Crypt:2)
  A swamp dragon zombie (Crypt:3)
  5 necrophages
  12 ogres
  11 boggarts
  A phantom (D:5)
  9 centaurs
  A manticore skeleton (Crypt:2)
  63 wolves
  A hog skeleton (Crypt:1)
  A komodo dragon zombie (Crypt:1)
  2 kobold brigands
  9 bullfrogs
  3 earth elementals
  A palentonga skeleton (Crypt:3)
  3 gnoll sergeants
  2 wyvern zombies
  2 scorpions
  A small abomination (Depths:3)
  7 wights (D:8)
  9 killer bees
  8 electric eels
  5 howler monkeys
  A bullfrog zombie (D:5)
  4 centaur zombies
  5 hounds
  23 orc priests
  A centaur skeleton (D:6)
  2 gnoll shamans (D:7)
  A jelly (D:4)
  3 iguanas
  14 orc wizards
  A spriggan simulacrum (IceCv)
  2 troll simulacra (IceCv)
  4 centaur simulacra
  A tengu zombie (Crypt:1)
  A hound zombie (Crypt:3)
  A dwarf skeleton (Crypt:3)
  A tengu skeleton (Crypt:1)
  A hound skeleton (Crypt:2)
  23 gnolls
  2 naga simulacra (IceCv)
  6 adders
  2 ogre simulacra (IceCv)
  2 white imps
  An adder skeleton (D:4)
  A worm (D:2)
  A dart slug (D:3)
  68 orcs
  13 ball pythons
  An endoplasm (shapeshifter) (Depths:2)
  6 endoplasms
  4 giant cockroaches (D:1)
  9 goblins
  12 hobgoblins
  3 jackals (D:1)
  4 quokkas
  9 bats
  3 frilled lizards (D:1)
  A frilled lizard zombie (Crypt:3)
  A jackal skeleton (Crypt:3)
  31 kobolds
  5 rats
  A briar patch (Swamp:4)
  2 bushes (D:8)
  A butterfly (Lair:1)
  23 fire vortices
  A plant (Depths:1)
2675 creatures vanquished.

Vanquished Creatures (collateral kills)
  A dread lich (Vaults:5)
  An Orb Guardian (Zot:5)
  An acid blob (Slime:2)
  A death cob (Zot:2)
  A vault warden (Vaults:3)
  An ironbound preserver (Vaults:2)
  A war gargoyle (Vaults:5)
  2 stone giants
  A very ugly thing (Vaults:5)
  A vampire knight (Depths:2)
  A spark wasp (Depths:5)
  2 purple draconians
  A black draconian (Zot:5)
  An ettin (Depths:1)
  A vault guard (Vaults:3)
  An ironbound frostheart (Vaults:3)
  A soul eater (Crypt:2)
  An orc knight (Vaults:4)
  An ugly thing (Vaults:3)
  2 moths of wrath
  A kobold demonologist (Crypt:3)
  2 yaktaurs
  A hydra skeleton (Crypt:2)
  A tyrant leech (Swamp:4)
  A slime creature (Slime:2)
  An ettin zombie (Crypt:2)
  A golden eye (Slime:2)
  An ogre skeleton (Vaults:3)
  An orc (Vaults:4)
  16 foxfires
49 creatures vanquished.

Vanquished Creatures (others)
  2 ettins (Depths:1)
  A deep troll shaman (Depths:1)
  2 deep troll earth magi (Depths:1)
  A swamp dragon (Swamp:4)
  A deep elf zephyrmancer (Elf:1)
  2 bloated husks (Swamp:3)
  A human (Snake:4)
  A naga (Snake:4)
  An orc wizard (Orc:2)
  2 orcs (Orc:2)
  535 fire vortices
  1087 foxfires
  79 fungi
  282 plants
1997 creatures vanquished.

Grand Total: 4721 creatures vanquished

Notes
Turn   | Place    | Note
-------+----------+-------------------------------------------
     0 | D:1      | EnegeticOcto the Mummy Fire Elementalist began the quest
                  | for the Orb.
     0 | D:1      | Reached XP level 1. HP: 13/13 MP: 4/4
    41 | D:1      | Reached skill level 1 in Conjurations
   276 | D:1      | Reached XP level 2. HP: 19/19 MP: 1/5
   453 | D:1      | Reached skill level 2 in Conjurations
   463 | D:1      | Reached skill level 3 in Spellcasting
   740 | D:1      | Reached XP level 3. HP: 24/24 MP: 4/7
   747 | D:1      | Learned a level 3 spell: Inner Flame
  1676 | D:2      | Reached skill level 1 in Hexes
  1676 | D:2      | Reached XP level 4. HP: 30/30 MP: 4/9
  2480 | D:2      | Reached skill level 4 in Spellcasting
  2707 | D:3      | Noticed Grinder
  2707 | D:3      | Paralysed by Grinder for 4 turns
  2717 | D:3      | Killed Grinder
  2718 | D:3      | Reached skill level 2 in Hexes
  2718 | D:3      | Reached skill level 4 in Fire Magic
  2718 | D:3      | Reached skill level 1 in Fighting
  2718 | D:3      | Reached XP level 5. HP: 14/38 MP: 2/11
  2718 | D:3      | Reached XP level 6. HP: 16/44 MP: 2/12
  3262 | D:3      | Reached skill level 2 in Fighting
  3650 | D:3      | Learned a level 4 spell: Sticky Flame
  4067 | D:4      | Reached skill level 5 in Spellcasting
  4334 | D:4      | Reached XP level 7. HP: 50/50 MP: 8/14
  4994 | D:4      | Learned a level 5 spell: Fireball
  5015 | D:5      | Entered Level 5 of the Dungeon
  5026 | D:5      | Found a transporter.
  5026 | D:5      | Noticed sm0rk's ghost (novice TeAE)
  5063 | D:5      | Found a transporter.
  5066 | D:5      | Reached skill level 6 in Spellcasting
  5066 | D:5      | Reached skill level 5 in Fire Magic
  5169 | D:5      | Found Raob's Antique Armour Emporium.
  5178 | D:5      | Bought a glowing cloak for 150 gold pieces
  5284 | D:5      | Reached skill level 1 in Evocations
  5823 | D:5      | Bought a glowing robe for 74 gold pieces
  6169 | D:6      | Reached skill level 3 in Conjurations
  6169 | D:6      | Reached skill level 2 in Evocations
  6229 | D:6      | Identified the +8 hunting sling of the Ageless Beds {flame,
                  | *Corrode Str+5}
  6280 | D:6      | Reached XP level 8. HP: 56/56 MP: 12/17
  6660 | D:6      | Found a staircase to the Ecumenical Temple.
  6668 | D:6      | Reached skill level 3 in Evocations
  6675 | D:6      | Reached skill level 4 in Conjurations
  6793 | Temple   | Entered the Ecumenical Temple
  7121 | Temple   | Became a worshipper of Ashenzari the Shackled
  7153 | D:6      | Reached skill level 4 in Evocations
  7163 | D:6      | Reached skill level 3 in Fighting
  7168 | D:6      | Reached skill level 7 in Spellcasting
  7168 | D:6      | Reached XP level 9. HP: 64/64 MP: 1/19
  7568 | D:7      | Noticed Harold
  7828 | D:6      | Killed Harold
  7829 | D:6      | Reached skill level 4 in Fighting
  7829 | D:6      | Reached skill level 8 in Spellcasting
  7829 | D:6      | Reached skill level 5 in Conjurations
  7829 | D:6      | Reached skill level 6 in Fire Magic
  8455 | D:7      | Identified a scroll of acquirement
  8475 | D:7      | Acquired a +1 buckler of protection
  8487 | D:7      | Reached skill level 9 in Spellcasting
  9025 | D:7      | Reached skill level 1 in Shields
  9329 | D:8      | Reached XP level 10. HP: 71/71 MP: 17/23
  9429 | D:8      | Reached skill level 6 in Conjurations
  9619 | D:8      | Reached skill level 2 in Shields
  9777 | D:8      | Reached skill level 3 in Shields
  9857 | D:8      | Found a staircase to the Lair.
  9879 | D:8      | Found a blossoming altar of Fedhas.
 10191 | D:8      | Found a runed translucent door.
 10196 | D:8      | Identified the +8 trident of Wrongful Imprisonment {holy,
                  | rPois rC+ Dex-5 Stlth+}
 10196 | D:8      | Noticed Kinoniko's ghost (novice DrBe)
 10706 | D:8      | Reached skill level 7 in Conjurations
 11092 | D:9      | Noticed a red ugly thing
 11100 | D:9      | Killed a cyan ugly thing
 11101 | D:9      | Reached skill level 4 in Shields
 11531 | D:9      | Noticed Joseph
 11542 | D:9      | Killed Joseph
 11543 | D:9      | Reached skill level 5 in Fighting
 11543 | D:9      | Reached skill level 7 in Fire Magic
 11764 | D:9      | Reached * piety under Ashenzari
 11995 | D:10     | Entered Level 10 of the Dungeon
 12124 | D:10     | Reached skill level 6 in Fighting
 12361 | D:10     | Reached XP level 11. HP: 81/81 MP: 14/24
 12478 | D:10     | Found a portal to a secret trove of treasure.
 12654 | D:10     | Found a runed translucent door.
 12656 | D:10     | Noticed iamserjio's ghost (novice OpEE)
 12664 | D:10     | Noticed a wolf spider
 12762 | D:10     | Noticed a two-headed ogre
 12780 | D:10     | Killed a two-headed ogre
 12781 | D:10     | Reached skill level 2 in Dodging
 12781 | D:10     | Reached skill level 2 in Stealth
 12943 | D:10     | Noticed Sonja
 12944 | D:10     | Noticed Sonja
 12944 | D:10     | Sonja changed into Sonja the polar bear
 12952 | D:10     | Killed Sonja the polar bear
 13174 | D:10     | Noticed a frost giant
 13256 | Lair:1   | Entered Level 1 of the Lair of Beasts
 13316 | Lair:1   | Reached skill level 3 in Stealth
 13561 | Lair:1   | Found a transporter.
 13568 | Lair:1   | Found a transporter.
 13599 | Lair:1   | Noticed a boulder beetle
 13600 | Lair:1   | Noticed a boulder beetle
 13686 | Lair:1   | Noticed a four-headed hydra
 13694 | Lair:1   | Killed a four-headed hydra
 13695 | Lair:1   | Reached skill level 3 in Dodging
 13705 | Lair:1   | Reached skill level 10 in Spellcasting
 13847 | Lair:1   | Reached ** piety under Ashenzari
 14315 | Lair:2   | Reached skill level 4 in Stealth
 14577 | Lair:2   | Noticed an eight-headed hydra
 14588 | Lair:2   | Killed an eight-headed hydra
 14589 | Lair:2   | Reached skill level 4 in Dodging
 14889 | Lair:2   | Reached skill level 5 in Stealth
 14894 | Lair:2   | Reached skill level 11 in Spellcasting
 15422 | Lair:3   | Acquired 847 gold pieces
 15423 | Lair:3   | Acquired a book of Annihilations
 15425 | Lair:3   | Reached *** piety under Ashenzari
 15442 | Lair:3   | Found a frozen archway.
 15585 | IceCv    | Entered an ice cave
 15742 | IceCv    | Reached skill level 12 in Spellcasting
 15742 | IceCv    | Reached XP level 12. HP: 88/88 MP: 13/28
 15752 | IceCv    | Reached skill level 8 in Fire Magic
 16545 | IceCv    | Identified the +1 plate armour of Divine Compulsion {Drain
                  | rPois Int+7}
 16545 | IceCv    | Identified the +1 plate armour of Zomilix {rPois rCorr}
 16676 | IceCv    | Reached skill level 7 in Fighting
 16798 | Lair:3   | Found a hide-covered altar of Uskayaw.
 16798 | Lair:3   | Found an ornate altar of the Wu Jian Council.
 16798 | Lair:3   | Noticed a boulder beetle
 16812 | Lair:3   | Killed a boulder beetle
 17172 | Lair:3   | Reached skill level 8 in Conjurations
 17313 | Lair:3   | Reached skill level 8 in Fighting
 17529 | Lair:3   | Noticed a seven-headed hydra
 17534 | Lair:3   | Killed a seven-headed hydra
 17713 | Lair:3   | Reached skill level 13 in Spellcasting
 18400 | Lair:4   | Reached **** piety under Ashenzari
 18458 | Lair:4   | Found a staircase to the Snake Pit.
 19019 | Lair:4   | Reached skill level 14 in Spellcasting
 19127 | Lair:4   | Gained mutation: You are in touch with the powers of death.
                  | [Mummy growth]
 19127 | Lair:4   | Reached XP level 13. HP: 86/98 MP: 24/31
 19993 | Lair:4   | Found a staircase to the Swamp.
 20520 | Lair:5   | Found a staircase to the Slime Pits.
 20539 | Lair:5   | Reached skill level 9 in Conjurations
 21366 | Lair:5   | Found a stormy altar of Qazlal.
 21385 | Lair:5   | Identified the +0 leather armour of the Eternal Fruit {rC+
                  | Str+3 Dex+7}
 21400 | Lair:5   | Reached skill level 15 in Spellcasting
 21888 | Lair:6   | Entered Level 6 of the Lair of Beasts
 21895 | Lair:6   | Reached skill level 1 in Air Magic
 22028 | Lair:5   | Reached skill level 2 in Air Magic
 22195 | Lair:5   | Reached skill level 3 in Air Magic
 22957 | D:11     | Reached skill level 4 in Air Magic
 23027 | D:11     | Learned a level 8 spell: Chain Lightning
 23081 | D:11     | Reached skill level 5 in Air Magic
 23233 | D:11     | Found a staircase to the Orcish Mines.
 23688 | D:11     | Reached skill level 6 in Air Magic
 24053 | D:12     | Found a flagged portal.
 24059 | Bailey   | Entered a bailey
 24228 | Bailey   | Identified the +1 robe of the Shrike {Rampage rElec Str-4}
 25043 | D:12     | Reached XP level 14. HP: 84/105 MP: 21/33
 25160 | D:12     | Reached skill level 7 in Air Magic
 26146 | Orc:1    | Entered Level 1 of the Orcish Mines
 26928 | Orc:2    | Entered Level 2 of the Orcish Mines
 26928 | Orc:2    | Found Middi's Assorted Antiques.
 26935 | Orc:2    | Reached skill level 8 in Air Magic
 27478 | Orc:2    | Bought a scroll of fear for 98 gold pieces
 27478 | Orc:2    | Bought a steaming leather armour for 196 gold pieces
 27478 | Orc:2    | Identified the +2 leather armour "Xeliu" {*Corrode Str+6
                  | Int+3} (You bought it in a shop on level 2 of the Orcish
                  | Mines)
 27478 | Orc:2    | Bought a scroll of fear for 98 gold pieces
 27478 | Orc:2    | Bought a scroll of teleportation for 84 gold pieces
 27583 | Orc:2    | Found Ywnyd's General Store.
 27650 | Orc:2    | Bought a scroll of enchant armour for 112 gold pieces
 28138 | Orc:2    | Found a staircase to the Elven Halls.
 28138 | Orc:2    | Found Roofub's Magic Scroll Shop.
 28195 | Orc:2    | Bought a scroll of teleportation for 36 gold pieces
 28195 | Orc:2    | Bought a scroll of teleportation for 36 gold pieces
 28195 | Orc:2    | Bought a scroll of teleportation for 36 gold pieces
 28195 | Orc:2    | Bought a scroll of immolation for 42 gold pieces
 28195 | Orc:2    | Bought a scroll of immolation for 42 gold pieces
 28195 | Orc:2    | Bought a scroll of fear for 42 gold pieces
 28582 | Orc:2    | Found Iboleg's Antique Armour Boutique.
 28589 | Orc:2    | Noticed Jorgrun
 28597 | Orc:2    | Killed Jorgrun
 28598 | Orc:2    | Reached skill level 9 in Air Magic
 28756 | Orc:2    | Found Xaon's Assorted Antiques.
 28764 | Orc:2    | Bought a scroll of fog for 62 gold pieces
 28764 | Orc:2    | Bought a scroll of fear for 108 gold pieces
 29853 | Orc:2    | Reached skill level 10 in Air Magic
 30220 | Orc:2    | Found Usuest's Book Shoppe.
 30220 | Orc:2    | Found Wanas's General Store.
 30229 | Orc:2    | Found Iddix's General Store.
 30229 | Orc:2    | Found Jifrut's General Store.
 30238 | Orc:2    | Bought a wand of iceblast (7) for 165 gold pieces
 30238 | Orc:2    | Bought a wand of acid (9) for 390 gold pieces
 30244 | Orc:2    | Learned a level 3 spell: Stone Arrow
 30715 | D:13     | Noticed Erolcha
 30718 | D:13     | Killed Erolcha
 30836 | D:13     | Reached skill level 10 in Conjurations
 31482 | D:13     | Found a gate to the Vaults.
 32571 | D:14     | Reached skill level 11 in Air Magic
 32769 | D:14     | Reached XP level 15. HP: 110/110 MP: 21/34
 32908 | D:14     | Learned a level 5 spell: Yara's Violent Unravelling
 33982 | D:15     | Entered Level 15 of the Dungeon
 34323 | D:15     | Reached skill level 11 in Conjurations
 35012 | D:15     | Reached ***** piety under Ashenzari
 35101 | D:15     | Found a staircase to the Depths.
 35676 | D:15     | Noticed Josephine
 35681 | D:15     | Killed Josephine
 35903 | D:15     | Reached skill level 12 in Conjurations
 36157 | D:15     | Noticed Nessos
 36162 | D:15     | Killed Nessos
 36357 | D:15     | Reached skill level 1 in Armour
 36725 | Orc:2    | Bought a heavily runed scale mail for 306 gold pieces
 36725 | Orc:2    | Identified the +4 scale mail of Parts Unknown {Will- Str+3
                  | Slay+5} (You bought it in a shop on level 2 of the Orcish
                  | Mines)
 36766 | Orc:2    | Bought a book of Fire for 845 gold pieces
 36773 | Orc:2    | Learned a level 6 spell: Starburst
 37058 | D:8      | Killed Kinoniko's ghost
 37656 | Lair:6   | Reached skill level 9 in Fighting
 38318 | Lair:6   | Reached skill level 16 in Spellcasting
 38318 | Lair:6   | Reached XP level 16. HP: 108/121 MP: 16/36
 38972 | Lair:6   | Reached skill level 10 in Fighting
 40395 | Swamp:1  | Entered Level 1 of the Swamp
 40768 | Swamp:1  | Reached skill level 12 in Air Magic
 41392 | Swamp:1  | Reached skill level 11 in Fighting
 41418 | Swamp:1  | Reached skill level 17 in Spellcasting
 41720 | Swamp:1  | Identified the amulet of Compulsion {Fly rC+ Regen+ Dex-5}
 41954 | Swamp:1  | Identified the +6 mace "Litiuq Kocw" {vorpal, Drain rC+++
                  | rN+ rCorr}
 42340 | Swamp:2  | Noticed Louise
 42463 | Swamp:2  | Killed Louise
 42967 | Swamp:2  | Found a hide-covered altar of Uskayaw.
 43510 | Swamp:3  | Reached skill level 12 in Fighting
 43889 | Swamp:3  | Noticed a tentacled monstrosity
 43896 | Swamp:3  | Killed a tentacled monstrosity
 43897 | Swamp:3  | Reached skill level 18 in Spellcasting
 43897 | Swamp:3  | Reached XP level 17. HP: 119/133 MP: 2/39
 44533 | Swamp:3  | Reached ****** piety under Ashenzari
 44540 | Swamp:3  | Learned a level 5 spell: Irradiate
 44661 | Swamp:3  | Noticed a tentacled monstrosity
 44675 | Swamp:3  | Killed a tentacled monstrosity
 45715 | Swamp:4  | Entered Level 4 of the Swamp
 45718 | Swamp:4  | Reached skill level 5 in Dodging
 46364 | Swamp:4  | Noticed Donald
 46367 | Swamp:4  | Killed Donald
 46940 | Swamp:4  | Reached skill level 6 in Dodging
 47095 | Swamp:4  | Reached skill level 13 in Fighting
 47825 | Swamp:4  | Got a decaying rune of Zot
 48080 | Snake:1  | Entered Level 1 of the Snake Pit
 48824 | Snake:1  | Reached skill level 19 in Spellcasting
 49592 | Snake:2  | Reached skill level 5 in Evocations
 50023 | Snake:2  | Reached XP level 18. HP: 142/144 MP: 24/41
 50975 | Snake:3  | Reached skill level 7 in Dodging
 52089 | Snake:3  | Reached skill level 14 in Fighting
 52893 | Snake:3  | Identified the +6 short sword of Context {flame, rC+ Int+4
                  | Dex+2}
 53536 | Snake:4  | Entered Level 4 of the Snake Pit
 53539 | Snake:4  | Reached skill level 20 in Spellcasting
 54019 | Snake:4  | Noticed Nikola
 54024 | Snake:4  | Reached skill level 15 in Fighting
 54024 | Snake:4  | Killed Nikola
 54568 | Snake:4  | Identified the +5 scale mail of the Swamp {rC++ Int-3 SInv}
 54746 | Snake:4  | Reached skill level 13 in Conjurations
 55015 | Snake:4  | Found a runed translucent door.
 55016 | Snake:4  | Noticed Ijustatesigmund's ghost (adept MiBe)
 55026 | Snake:4  | Killed Ijustatesigmund's ghost
 55151 | Snake:4  | Noticed Aizul
 55596 | Snake:4  | Reached XP level 19. HP: 88/155 MP: 24/43
 55841 | Snake:4  | Killed Aizul
 56254 | Snake:4  | Noticed Kirke
 56434 | Snake:4  | Killed Kirke
 57083 | Snake:4  | Reached skill level 21 in Spellcasting
 57554 | Snake:4  | Got a serpentine rune of Zot
 58823 | Elf:1    | Entered Level 1 of the Elven Halls
 59033 | Elf:1    | Found a radiant altar of Vehumet.
 59899 | Elf:1    | Found a radiant altar of Vehumet.
 60553 | Elf:1    | Learned a level 8 spell: Ignition
 60563 | Elf:1    | Learned a level 9 spell: Fire Storm
 60844 | Elf:1    | Identified the Compendium of Supportive Attacks
 61450 | Elf:1    | Found a radiant altar of Vehumet.
 61749 | Elf:1    | Reached skill level 22 in Spellcasting
 62051 | Elf:1    | Found a radiant altar of Vehumet.
 62301 | Elf:2    | Reached skill level 9 in Fire Magic
 62466 | Elf:2    | Found an ancient bone altar of Kikubaaqudgha.
 62664 | Elf:2    | Identified the +2 leather armour of Beogh's Regard {rCorr
                  | Dex+4}
 62882 | Elf:2    | Learned a level 5 spell: Lee's Rapid Deconstruction
 62891 | Elf:2    | Reached skill level 1 in Earth Magic
 63737 | Elf:2    | Found a runed translucent gate.
 63737 | Elf:2    | Found a runed translucent gate.
 63737 | Elf:2    | Found a runed translucent gate.
 63991 | Elf:3    | Entered Level 3 of the Elven Halls
 64018 | Elf:3    | Reached skill level 10 in Fire Magic
 64314 | Elf:3    | Reached XP level 20. HP: 157/162 MP: 31/46
 65133 | Elf:3    | Reached skill level 14 in Conjurations
 65786 | Elf:3    | Reached skill level 11 in Fire Magic
 66223 | Elf:3    | Identified the +11 great sword of Past Mistakes {flame, rF+
                  | Str+3 Int-3 SInv}
 66375 | Elf:3    | Identified the +3 morningstar of Fedhas's Regard {holy,
                  | SInv}
 66412 | Elf:3    | Identified Nuxkuepn's Guide on the Vitriolic Frostbite
 67765 | Vaults:1 | Entered Level 1 of the Vaults
 67806 | Vaults:1 | Reached skill level 12 in Fire Magic
 68096 | Vaults:1 | Found Kiniqim's Antique Armour Emporium.
 68188 | Vaults:1 | Noticed an ancient lich
 68449 | Vaults:1 | Found a transporter.
 68575 | Vaults:1 | Identified the -3 hat of the Slightly Bent {rCorr Str+4
                  | Stlth+}
 68578 | Vaults:1 | Found a transporter.
 68818 | Vaults:1 | Reached skill level 13 in Fire Magic
 70571 | Vaults:2 | Reached XP level 21. HP: 168/168 MP: 3/47
 71110 | Vaults:2 | Reached skill level 14 in Fire Magic
 71243 | Vaults:2 | Found a staircase to the Crypt.
 73028 | Vaults:1 | Found a transporter.
 73071 | Vaults:1 | Found Kiniqim's Antique Armour Emporium.
 73683 | Vaults:1 | Found a transporter.
 74163 | Vaults:2 | Noticed Bai Suzhen
 74168 | Vaults:2 | Killed Bai Suzhen
 74407 | Vaults:2 | Learned a level 2 spell: Blink
 74411 | Vaults:2 | Learned a level 3 spell: Swiftness
 74414 | Vaults:2 | Learned a level 2 spell: Passwall
 74421 | Vaults:2 | Learned a level 6 spell: Iron Shot
 74826 | Vaults:2 | Found Raeczorph's General Store.
 75145 | Vaults:3 | Reached skill level 15 in Fire Magic
 76894 | Vaults:3 | Reached skill level 16 in Fighting
 77319 | Vaults:3 | Reached XP level 22. HP: 178/178 MP: 25/48
 77582 | Vaults:3 | Found Ockoicug's General Store.
 78361 | Vaults:3 | Reached skill level 23 in Spellcasting
 81319 | Vaults:4 | Reached skill level 16 in Fire Magic
 81796 | Slime:1  | Entered Level 1 of the Pits of Slime
 81819 | Slime:1  | Reached skill level 17 in Fighting
 83902 | Slime:5  | Entered Level 5 of the Pits of Slime
 84128 | Slime:5  | Reached XP level 23. HP: 188/188 MP: 41/50
 84371 | Slime:5  | Reached skill level 24 in Spellcasting
 84376 | Slime:5  | Noticed the Royal Jelly
 85599 | Slime:5  | Killed the Royal Jelly
 85829 | Slime:5  | Identified the +5 falchion "Ecwob" {freeze, rN+ Dex+6}
 85831 | Slime:5  | Identified the ring of Cayddum {Drain Fly rElec Will+++
                  | rCorr}
 85834 | Slime:5  | Identified the ring "Aplef" {MP+9 Int+2}
 85834 | Slime:5  | Identified the +11 morningstar of Objectivity {flame, rN+
                  | Str+4 Int+3}
 85850 | Slime:5  | Identified the +0 buckler "Norhiugu" {rPois rC+ Will-}
 85869 | Slime:5  | Got a slimy rune of Zot
 86487 | Depths:1 | Entered Level 1 of the Depths
 86538 | Depths:1 | Found Ygufing's Assorted Antiques.
 86538 | Depths:1 | Found Xuyddoit's Antique Weapon Emporium.
 86541 | Depths:1 | Found Nirphyudo's Assorted Antiques.
 86546 | Depths:1 | Bought a spiked scale mail for 423 gold pieces
 86546 | Depths:1 | Identified the +2 scale mail of Qoshreyf {rPois rC+++ Will+
                  | Int-4} (You bought it in a shop on level 1 of the Depths)
 86615 | Depths:1 | Reached skill level 18 in Fighting
 86632 | Depths:1 | Noticed Mara
 86781 | Depths:1 | Killed Mara
 87066 | Depths:1 | Noticed Asterion
 87067 | Depths:1 | Reached skill level 17 in Fire Magic
 87222 | Depths:1 | Killed Asterion
 87417 | Vaults:1 | Bought a pair of glowing boots for 187 gold pieces
 88047 | D:10     | Learned a level 4 spell: Passage of Golubria
 88051 | D:10     | You paid a toll of a +9 demon blade to enter a treasure
                  | trove
 88052 | Trove    | Entered a treasure trove
 88058 | Trove    | Identified the Disquisition on Displaced Arcane Weapons
 88058 | Trove    | Identified Sif Muna's Disquisition on Summoning
 88059 | Trove    | Identified the Guide on Curses
 88066 | Trove    | Identified Sif Muna's Catalogue of Arcane Weapons and the
                  | Frostbite
 88178 | D:10     | Killed iamserjio's ghost
 88382 | D:5      | Killed sm0rk's ghost
 89071 | Depths:1 | Found a hazy altar of Hepliaklqana.
 89347 | Depths:1 | Found a shimmering altar of Xom.
 89899 | Depths:1 | Found a gateway to Hell.
 90496 | Depths:2 | Reached skill level 25 in Spellcasting
 90573 | Depths:2 | Identified the +7 falchion of Pandemonium {holy, Dex+3}
 90732 | Depths:2 | Noticed a caustic shrike
 90875 | Depths:2 | Killed a caustic shrike
 90876 | Depths:2 | Noticed a caustic shrike
 91017 | Depths:2 | Noticed Margery
 91021 | Depths:2 | Killed Margery
 91022 | Depths:2 | Reached XP level 24. HP: 197/197 MP: 8/52
 91870 | Depths:2 | Reached skill level 18 in Fire Magic
 92329 | Depths:2 | Identified the +2 helmet of the Farrier {rC++ Int-4 Dex+7}
 93035 | Depths:2 | Reached skill level 26 in Spellcasting
 94323 | Depths:3 | Found a one-way gate leading to the halls of Pandemonium.
 94397 | Depths:3 | Found an ornate altar of the Wu Jian Council.
 94645 | Depths:3 | Found a runed translucent door.
 94648 | Depths:3 | Found a runed translucent door.
 94708 | Depths:3 | Reached skill level 19 in Fire Magic
 95864 | Depths:4 | Found Hiepogun's Assorted Antiques.
 95873 | Depths:4 | Bought a scroll of magic mapping for 168 gold pieces
 95873 | Depths:4 | Bought a scroll of teleportation for 144 gold pieces
 95873 | Depths:4 | Bought a wand of paralysis (8) for 96 gold pieces
 96390 | Depths:4 | Found a gateway to a ziggurat.
 96391 | Depths:4 | Paralysed by a floating eye for 3 turns
 96508 | Depths:4 | Found Biugu's Serpentskin Sales.
 96677 | Depths:4 | Found a corrupted altar of Lugonu.
 96678 | Depths:4 | Found a one-way gate to the infinite horrors of the Abyss.
 96714 | Depths:5 | Entered Level 5 of the Depths
 96717 | Depths:5 | Reached XP level 25. HP: 204/204 MP: 35/53
 96722 | Depths:5 | Reached skill level 20 in Fire Magic
 97721 | Depths:5 | Found a gate to the Realm of Zot.
 98455 | Vaults:5 | Entered Level 5 of the Vaults
 98589 | Vaults:5 | Noticed a dread lich
 98590 | Vaults:5 | Reached skill level 21 in Fire Magic
 98752 | Vaults:4 | Killed a dread lich
 99422 | Vaults:5 | Reached skill level 2 in Armour
 99481 | Vaults:5 | Reached skill level 3 in Armour
 99832 | Vaults:5 | Reached skill level 4 in Armour
100020 | Vaults:5 | Reached skill level 5 in Armour
100250 | Vaults:5 | Identified the +0 kite shield of Negation {rPois Str+2}
100453 | Vaults:5 | Reached skill level 6 in Armour
100527 | Vaults:5 | Noticed a dread lich
100529 | Vaults:5 | Killed a dread lich
100530 | Vaults:5 | Reached skill level 22 in Fire Magic
100530 | Vaults:5 | Gained mutation: You are strongly in touch with the powers
                  | of death. [Mummy growth]
100530 | Vaults:5 | Reached XP level 26. HP: 211/211 MP: 21/53
100530 | Vaults:5 | Noticed a dread lich
100536 | Vaults:5 | Noticed Jory
100548 | Vaults:5 | Killed a dread lich
100807 | Vaults:5 | Killed Jory
100962 | Vaults:5 | Identified the +4 hunting sling of Currency {venom, rF++
                  | rN+ Int+2}
101022 | Vaults:5 | Noticed an ancient lich
101024 | Vaults:5 | Killed an ancient lich
101376 | Vaults:5 | Identified the Volume of Aerial Intoxication
101572 | Vaults:5 | Got a silver rune of Zot
101670 | Vaults:5 | Identified the +7 hand axe of Massacring {vorpal, rElec
                  | Int-4 Dex+2}
101674 | Vaults:5 | Identified the +9 dagger "Itweowim" {vorpal, Str+5}
102241 | Crypt:1  | Entered Level 1 of the Crypt
102612 | Crypt:1  | Found a basalt altar of Yredelemnul.
103692 | Crypt:2  | Identified the +0 hand axe "Kavum" {vamp, SInv}
103899 | Crypt:2  | Found a huge runed translucent gate.
103899 | Crypt:2  | Found a huge runed translucent gate.
103900 | Crypt:2  | Found a huge runed translucent gate.
103900 | Crypt:2  | Found a huge runed translucent gate.
103900 | Crypt:2  | Found a huge runed translucent gate.
103901 | Crypt:2  | Found a huge runed translucent gate.
103901 | Crypt:2  | Found a huge runed translucent gate.
103902 | Crypt:2  | Found a huge runed translucent gate.
103902 | Crypt:2  | Found a huge runed translucent gate.
104011 | Crypt:2  | Reached skill level 23 in Fire Magic
105066 | Crypt:3  | Entered Level 3 of the Crypt
106307 | Crypt:3  | Found a staircase to the Tomb.
106580 | Crypt:3  | Reached skill level 24 in Fire Magic
107008 | Crypt:3  | Found a basalt altar of Yredelemnul.
107439 | Crypt:3  | Reached XP level 27. HP: 213/217 MP: 45/53
107447 | Crypt:3  | Identified the amulet "Ahecziut" {rN+ Regen+ Str-2 Int+3
                  | SInv}
107475 | Crypt:3  | Identified the amulet of Baeliyh {Rampage rPois Regen+}
107963 | Crypt:3  | Identified the ring of the Shining Light {rN+ Int+4}
108751 | Crypt:3  | Identified the amulet of Entrepreneurial Spirit {RegenMP
                  | Will+ Int+4}
108754 | Crypt:3  | Found a shimmering blue altar of Sif Muna.
109166 | Crypt:3  | Found a basalt altar of Yredelemnul.
109205 | Crypt:3  | Found a staircase to the Tomb.
109336 | Crypt:3  | Found a shimmering blue altar of Sif Muna.
110068 | Zot:1    | Entered Level 1 of the Realm of Zot
110453 | Zot:1    | Reached skill level 25 in Fire Magic
111436 | Zot:1    | Noticed an orb of fire
112468 | Zot:1    | Killed an orb of fire
113216 | Zot:2    | Reached skill level 26 in Fire Magic
114156 | Zot:3    | Found the +15 Maxwell's patent armour {-Cast -Tele rElec
                  | Will+ rCorr}
115850 | Zot:4    | Reached skill level 27 in Fire Magic
116342 | Zot:4    | Noticed an orb of fire
116770 | Zot:4    | Reached skill level 8 in Dodging
116853 | Zot:4    | Killed an orb of fire
117241 | Zot:4    | Reached skill level 15 in Conjurations
117438 | Zot:4    | Reached skill level 9 in Dodging
118264 | Zot:5    | Entered Level 5 of the Realm of Zot
118655 | Zot:5    | Identified the +0 cloak "Higu" {Dex+6 Slay+2}
118669 | Zot:5    | Noticed MeekVeins's ghost (legendary PaFi)
118672 | Zot:5    | Identified the ring "Yqaof" {rC+ Str-3 Dex+6}
118676 | Zot:5    | Found a bloodstained altar of Trog.
118683 | Zot:5    | Found a transporter.
118712 | Zot:5    | Identified the +0 cloak "Jeud" {Int+3}
118734 | Zot:5    | Found a transporter.
118825 | Zot:5    | Found Iwkiop's Changing Room.
119048 | Zot:5    | Identified the +1 chain mail of Wexenet {Str+4}
119119 | Zot:5    | Reached skill level 10 in Dodging
119132 | Zot:5    | Noticed an ancient lich
119134 | Zot:5    | Killed an ancient lich
119403 | Zot:5    | Noticed an ancient lich
119405 | Zot:5    | Killed an ancient lich
119433 | Zot:5    | Noticed an ancient lich
119435 | Zot:5    | Killed an ancient lich
119436 | Zot:5    | Reached skill level 16 in Conjurations
119452 | Zot:5    | Noticed a dread lich
119454 | Zot:5    | Killed a dread lich
119455 | Zot:5    | Reached skill level 11 in Dodging
119556 | Zot:5    | Noticed an ancient lich
119560 | Zot:5    | Killed an ancient lich
119561 | Zot:5    | Reached skill level 19 in Fighting
119601 | Zot:5    | Noticed an orb of fire
119606 | Zot:5    | Killed an orb of fire
119900 | Zot:5    | Noticed an orb of fire
119904 | Zot:5    | Killed an orb of fire
120422 | Zot:5    | Noticed an orb of fire
120424 | Zot:5    | Killed an ancient lich
120679 | Zot:5    | Reached skill level 12 in Dodging
120679 | Zot:5    | Reached skill level 27 in Spellcasting
121078 | Zot:5    | Killed an orb of fire
121079 | Zot:5    | Reached skill level 17 in Conjurations
121081 | Zot:5    | Noticed an ancient lich
121082 | Zot:5    | Got the Orb of Zot
121418 | Depths:3 | Noticed Rixt the pandemonium lord
121424 | Depths:3 | Killed Rixt the pandemonium lord
121447 | Depths:1 | Noticed Zaysued the pandemonium lord
121451 | Depths:1 | Killed Zaysued the pandemonium lord
121452 | Depths:1 | Reached skill level 13 in Dodging
121661 | D:4      | Noticed Caem the pandemonium lord
121762 | D:$      | Escaped with the Orb!

Illustrated notes

Levels and vault maps discovered:
D:1:      enne_arrival_octagon_isle, layout_loops_ring
D:2:      kennysheep_big_flooded_room, layout_basic, serial_forest,
          infiniplex_forest_3_way, infiniplex_forest_straight_5,
          infiniplex_forest_lined_room_3, infiniplex_forest_clump_C,
          infiniplex_forest_end_double, infiniplex_forest_zigzag_1,
          infiniplex_forest_lined_2, infiniplex_forest_3_way,
          minmay_misc_feat_ornament
D:3:      layout_loops_ring, uniq_grinder
D:4:      layout_cave_pods, minmay_cut_off
D:5:      layout_cave_pools, serial_shops, shop, gammafunk_ghost_arena,
          minmay_door_square, kennysheep_generic_room_9
D:6:      layout_basic, minmay_temple_entry_overgrown
D:7:      layout_cave_pods, uniq_harold
D:8:      layout_basic, fedhas_bush_and_centaur_altar, erik_lair_island,
          ebering_ghost_funeral_grove, supply_closet_lemuel, kennysheep_dice
D:9:      layout_basic, evilmike_butchery, uniq_joseph
D:10:     layout_loops_ring, ebering_ghost_inner_flame,
          nicolae_trove_entry_isolated, uniq_sonja
D:11:     layout_basic, david_orc_2
D:12:     layout_roguey, enter_bailey_3, serial_bayou_lake_a
D:13:     layout_long_grid, david_vaults_2, uniq_erolcha
D:14:     layout_stronghold, serial_bayou_ford_a
D:15:     hangedman_depths_entry_civil_slaughter, layout_irregular_city,
          hangedman_decor_diamond_cutter, uniq_josephine, uniq_nessos
Temple:   regret_index_temple_sigil_plot
Lair:1:   gammafunk_boulding_lane, layout_regular_city,
          infiniplex_staircase_pool_2, lemuel_fruit_tree, lemuel_fruit_fields
Lair:2:   layout_chaotic_city, chequers_serial_rivers_micro_e, st_stairs_12
Lair:3:   layout_regular_city, portal_ice_cave_entry_ice_beasts,
          chequers_serial_rivers_small_a, nzn_masters_of_martial_movement
Lair:4:   layout_loops_ring, nicolae_swamp_entry_splash_gauntlet,
          minmay_snake_entry_six_corridors
Lair:5:   wad_woods_stonehenge, layout_layer_cave, slime_dummy,
          grunt_forest_large_clearings
Lair:6:   minmay_lair_end_enchanted_forest, layout_long_grid, grunt_megastairs_2
Swamp:1:  layout_falls_marsh, evilmike_swamp_ruin_house_3, swamp_pool3,
          nicolae_swamp_alligator_family
Swamp:2:  layout_falls_marsh, evilmike_swamp_ruin_house_5,
          nicolae_swamp_godswood, uniq_louise
Swamp:3:  nzn_winding_woodlands_cross [nzn_winding_woodlands_5x15_default,
          nzn_winding_woodlands_5x15_lazy_stream,
          nzn_winding_woodlands_5x15_longhouse,
          nzn_winding_woodlands_5x15_jagged,
          nzn_winding_woodlands_15x15_five_gardens], layout_basic_swamp,
          nicolae_swamp_very_dense_foliage
Swamp:4:  swamp_alternative, layout_basic_swamp, uniq_donald
Snake:1:  layout_cave_shapes, nicolae_snake_slithery_corners,
          grunt_megastairs_1, serial_bayou_shore_a
Snake:2:  layout_basic
Snake:3:  layout_rooms, nicolae_snake_boneroom
Snake:4:  snake_pit, layout_gridlike, ebering_ghost_reflecting_pool, drop_trap,
          nicolae_snake_gridmaze_waves, nicolae_snake_omega, uniq_aizul,
          uniq_kirke, uniq_nikola
Slime:1:  layout_caves
Slime:2:  layout_caves, nicolae_slime_phagocytosis
Slime:3:  layout_caves
Slime:4:  layout_caves, nicolae_slime_welcoming_committee
Slime:5
Orc:1:    layout_caves, mines3_lemuel
Orc:2:    grunt_orc_tribal_feast, layout_diamond_mine, serial_shops, shop, shop,
          shop, nicolae_shop_overgrown_old_shop, nicolae_shop_trees,
          uniq_jorgrun
Elf:1:    eino_elf_arrival_altar, layout_onion_city, basic_altar,
          minmay_elf_sorcery
Elf:2:    layout_loops_corners, basic_altar, hangedman_elf_power_crystal
Elf:3:    grunt_elf_hall_asides, layout_loops_corners
Vaults:1: nicolae_vaults_angled_halls, v_misc_2, hangedman_vaults_trim,
          v_misc_14, nicolae_vaults_diagonal_hallway_7, ontoclasm_vaults_fault,
          vaults_dpeg_hooks, ontoclasm_vaults_tryst, gammafunk_sealed_arena,
          v_misc_32, vaults_room_corners, vaults_room_large_hall,
          vaults_room_corners, layout_vaults_omnigrid, serial_shops, shop
Vaults:2: grunt_vaults_hallway_long, grunt_vaults_hallway_long, kb_rosetta,
          minmay_crypt_entry_vampire_xt, nicolae_vaults_network_barrier,
          v_misc_5, hangedman_vaults_slither, v_misc_9, hangedman_vaults_trim,
          ontoclasm_vaults_shuriken, vaults_room_stairs_pillars,
          layout_vaults_maze_bifur, serial_shops, nicolae_shop_window_shopping,
          uniq_bai_suzhen
Vaults:3: st_smaller_cells, ontoclasm_vaults_gateway,
          hangedman_vaults_restitches, nicolae_vaults_inception_scallops,
          vaults_room_fancy_cross, hangedman_vaults_cutoff, serial_ice_m,
          vaults_room_semicircle, nicolae_vaults_asterisk, v_misc_27,
          hangedman_vaults_trim, layout_vaults_omnibox, serial_shops, shop
Vaults:4: ontoclasm_vaults_bender, nicolae_vaults_alarming, v_misc_3, v_rooms_6,
          nicolae_vaults_theta, nicolae_vaults_circle_grid_a,
          vaults_room_door_hall, ontoclasm_vaults_idyll,
          vaults_room_stairs_pillars, layout_vaults_chaotic_city
Vaults:5: serial_shops, uniq_jory
Crypt:1:  layout_misc_corridors, basic_altar
Crypt:2:  cheibrodos_crypt_3hun_7po, layout_gridlike
Crypt:3:  church_of_pain_bobbens, layout_chaotic_city, grunt_ministairs_1,
          hangedman_summoners_spam
Depths:1: layout_small_grid, nicolae_hepliaklqana_hazy_memory, hell_entry,
          xom_confusion_cloud, minmay_shop_star, uniq_asterion, uniq_mara
Depths:2: minmay_the_grid_4x2 [minmay_the_grid_medium_cups,
          minmay_the_grid_square_x, minmay_the_grid_tiny_cups,
          minmay_the_grid_minigrid_small_alt, minmay_the_grid_pillar_ring,
          minmay_the_grid_odd_star, minmay_the_grid_airy,
          minmay_the_grid_prize_four_corners], layout_long_grid,
          mu_enter_wizlab_4, grunt_metal_band, corexii_leaking_fountain
Depths:3: thingy_vault_2, layout_cave_pools, pf_hell_entry_great_geh,
          grunt_pan_entry_sceptre, nzn_wu_jian_council_hall
Depths:4: hangedman_surveillance_ring, layout_cave_pools, enter_ziggurat_d,
          abyss_entry_flame_altar, hangedman_coc_ice_floe, serial_shops, shop,
          minmay_misc_feat_cross, guppyfry_shop_venom, infiniplex_staircase_star
Depths:5: evilmike_zot_entry_basic, layout_long_grid, hell_entry, serial_glass,
          glass_columns_a, glass_columns_c, serial_sigils_hangedman_leer
Zot:1:    grunt_zot_stairs_mandelzot, layout_misc_corridors, zot_minivault_6
Zot:2:    layout_misc_corridors
Zot:3:    layout_basic, lemuel_baited_zot_trap
Zot:4:    layout_cathedral_of_symmetry, zot_minivault_7
Zot:5:    layout_gridlike, gammafunk_ghost_wrathful_warriors,
          grunt_ministairs_10, bh_zot_ikea_curve, nicolae_transmutations_shop

Skill      XL: |  1  2  3  4  5  6  7  8  9 10 11 12 13 14 15 16 17 18 19 20 21 22 23 24 25 26 27 |
---------------+----------------------------------------------------------------------------------+-----
Conjurations   | 1 2 3 4 5 7 8 9 10 12 13 14 17 | 17.6
Spellcasting   | 3 4 5 6 7 9 12 14 15 16 18 19 20 22 23 25 26 27 | 27.0
Hexes          | 1 2 |  2.0
Fire Magic     | 4 5 6 7 8 10 13 15 16 17 19 22 24 27 | 27.0
Fighting       | 1 2 3 4 6 8 9 12 13 15 16 17 18 19 | 19.7
Evocations     | 2 4 5 |  5.5
Shields        | 1 4 |  4.0
Dodging        | 4 6 7 13 | 13.3
Stealth        | 5 |  5.0
Air Magic      | 6 11 12 | 12.1
Armour         | 1 6 |  6.9
Earth Magic    | 1 |  1.3

Action                   |  1- 3 |  4- 6 |  7- 9 | 10-12 | 13-15 | 16-18 | 19-21 | 22-24 | 25-27 || total
-------------------------+-------+-------+-------+-------+-------+-------+-------+-------+-------++-------
Melee: Short sword       |    10 |     8 |       |       |       |       |       |       |       ||    18
       Dagger            |       |       |    29 |    88 |   119 |    26 |     6 |       |       ||   268
       Staff             |       |       |       |       |       |       |     2 |     3 |     6 ||    11
Throw: Dart              |       |       |       |       |     2 |       |       |       |     6 ||     8
 Cast: Foxfire           |    71 |    76 |   121 |   258 |   106 |       |       |       |       ||   632
       Inner Flame       |       |     7 |    18 |    45 |    74 |     1 |       |       |       ||   145
       Sticky Flame      |       |       |    29 |    91 |    94 |     6 |       |       |       ||   220
       Fireball          |       |       |       |    27 |   299 |    29 |     5 |       |       ||   360
       Stone Arrow       |       |       |       |       |    27 |    11 |    38 |       |       ||    76
       Starburst         |       |       |       |       |    35 |    18 |     8 |       |     5 ||    66
       Chain Lightning   |       |       |       |       |    11 |   320 |   208 |    86 |   210 ||   835
       Irradiate         |       |       |       |       |       |     7 |    27 |     2 |    10 ||    46
       Lee's Rapid Decon |       |       |       |       |       |       |    13 |     4 |     1 ||    18
       Fire Storm        |       |       |       |       |       |       |   141 |   234 |   418 ||   793
       Ignition          |       |       |       |       |       |       |    13 |    61 |    17 ||    91
       Iron Shot         |       |       |       |       |       |       |       |    22 |    61 ||    83
       Blink             |       |       |       |       |       |       |       |     7 |     2 ||     9
       Passage of Golubr |       |       |       |       |       |       |       |     2 |     4 ||     6
       Passwall          |       |       |       |       |       |       |       |     2 |       ||     2
       Yara's Violent Un |       |       |       |       |       |       |       |       |     1 ||     1
Invok: Curse Item        |       |       |     1 |     5 |     2 |     2 |     1 |       |     2 ||    13
       Shatter the Chain |       |       |       |       |       |       |     1 |       |     2 ||     3
Evoke: Wand              |       |       |     2 |    15 |    14 |    15 |     5 |       |    23 ||    74
       Phial of floods   |       |       |       |     1 |     2 |     1 |     4 |       |       ||     8
       Tin of tremorston |       |       |       |       |       |       |     3 |       |     2 ||     5
       Phantom mirror    |       |       |       |       |       |       |       |     1 |       ||     1
  Use: Scroll            |       |     5 |     4 |     4 |     7 |       |     8 |    14 |    11 ||    53
 Stab: Sleeping          |       |       |     1 |     1 |       |       |       |       |       ||     2
       Distracted        |       |       |       |       |       |     1 |       |       |       ||     1
Armor: Robe              |     8 |    12 |    31 |    98 |   170 |   307 |   146 |    94 |   218 ||  1084
Dodge: Dodged            |    16 |    21 |    37 |   150 |   212 |   103 |    47 |    44 |    68 ||   698
Block: Buckler           |       |       |     4 |    81 |   202 |   114 |    48 |    41 |    60 ||   550
       Reflection        |       |       |       |       |    12 |    11 |    19 |     4 |     4 ||    50

Table legend: (Time is in decaauts)
 A = Elapsed time spent in this place.
 B = Non-inter-level travel time spent in this place.
 C = Inter-level travel time spent in this place.
 D = Time resting spent in this place.
 E = Time spent auto-exploring this place.
 F = Levels seen in this place.
 G = Mean time per level.
                   A        B        C        D        E       F      G
               +--------+--------+--------+--------+--------+-----+--------+
         Total | 122352 | 115356 |   6996 |  35227 |  64817 |  61 | 2005.8 |
       Dungeon |  25071 |  22465 |   2606 |   4415 |  15140 |  15 | 1671.4 |
        Temple |    350 |    291 |     59 |      0 |    270 |   1 |  350.0 |
          Lair |  13082 |  12038 |   1044 |   3348 |   6930 |   6 | 2180.3 |
         Swamp |   7332 |   7186 |    146 |   3724 |   2737 |   4 | 1833.0 |
     Snake Pit |  10459 |  10241 |    218 |   3443 |   5545 |   4 | 2614.8 |
    Slime Pits |   4370 |   4095 |    275 |   3107 |    505 |   5 |  874.0 |
  Orcish Mines |   4419 |   4024 |    395 |   1390 |   2076 |   2 | 2209.5 |
   Elven Halls |   8415 |   8230 |    185 |   3179 |   4056 |   3 | 2805.0 |
        Vaults |  18179 |  17337 |    842 |   2542 |  12629 |   5 | 3635.8 |
         Crypt |   7495 |   7338 |    157 |    900 |   5186 |   3 | 2498.3 |
        Depths |   9822 |   9257 |    565 |   3603 |   4544 |   5 | 1964.4 |
           Zot |  11305 |  10806 |    499 |   4369 |   4950 |   5 | 2261.0 |
         Trove |     72 |     72 |      0 |      0 |      0 |   1 |   72.0 |
        Bailey |    793 |    793 |      0 |    542 |     71 |   1 |  793.0 |
      Ice Cave |   1180 |   1180 |      0 |    665 |    175 |   1 | 1180.0 |
               +--------+--------+--------+--------+--------+-----+--------+

Top non-repeatable levels by time:
Vaults:1: 4860 daAuts
 Crypt:3: 4131 daAuts
Vaults:2: 3778 daAuts
Vaults:4: 3642 daAuts
 Snake:4: 3523 daAuts
   Elf:1: 3419 daAuts
 Snake:3: 3338 daAuts
  Lair:5: 3273 daAuts
   Orc:2: 3172 daAuts
Depths:1: 3144 daAuts
Vaults:5: 3102 daAuts
 Swamp:3: 3012 daAuts
  Lair:4: 2971 daAuts
    D:14: 2816 daAuts
Vaults:3: 2794 daAuts
